 Dungeon Crawl Stone Soup version 0.23-a0-338-g8ff0b24 (webtiles) character file.

490 Mgcat the Conjurer (level 6, -2/32 HPs)
             Began as a Deep Elf Conjurer on Oct 18, 2018.
             Was an Initiate of Vehumet.
             Shot with an arrow by a centaur (12 damage)
             ... on level 5 of the Dungeon.
             The game lasted 00:07:54 (4718 turns).

Mgcat the Conjurer (Deep Elf Conjurer)              Turns: 4718, Time: 00:07:55

Health: -2/32      AC:  3    Str:  5    XL:     6   Next: 90%
Magic:  8/17       EV: 13    Int: 22    God:    Vehumet [......]
Gold:   225        SH:  0    Dex: 15    Spells: 8/18 levels left

rFire    + . .     SeeInvis .   l - +3 mace (pain)
rCold    . . .     Gourm    .   (no shield)
rNeg     . . .     Faith    .   a - +0 robe
rPois    .         Spirit   .   (no helmet)
rElec    .         Reflect  .   k - +0 cloak
rCorr    .         Harm     .   (no gloves)
MR       .....                  (no boots)
Stlth    ++........             u - amulet of the acrobat
HPRegen  0.10/turn              f - ring of protection from fire {rF+, !d}
MPRegen  0.15/turn              (no ring)

@: no status effects
A: no striking features
a: Renounce Religion


You were on level 5 of the Dungeon.
You worshipped Vehumet.
Vehumet was noncommittal.
You were very hungry.

You visited 2 branches of the dungeon, and saw 6 of its levels.

You collected 253 gold pieces.
You spent 28 gold pieces at shops.

Inventory:

Hand Weapons
 l - a +3 mace of pain (weapon)
   (You found it on level 2 of the Dungeon)
Armour
 a - a +0 robe (worn)
 k - a +0 cloak (worn)
   (You took it off Crazy Yiuf on level 2 of the Dungeon)
 r - a +0 cloak of poison resistance
   (You found it on level 4 of the Dungeon)
Jewellery
 f - a ring of protection from fire (left hand) {rF+, !d}
   (You found it on level 1 of the Dungeon)
 t - an uncursed ring of ice {unknown}
   (You found it on level 4 of the Dungeon)
 u - an amulet of the acrobat (around neck)
   (You found it on level 4 of the Dungeon)
 x - a +2 amulet of reflection {unknown}
   (You found it on level 5 of the Dungeon)
Wands
 m - a wand of random effects (31)
   (You found it on level 3 of the Dungeon)
 w - a wand of disintegration (10)
   (You found it on level 4 of the Dungeon)
Scrolls
 d - 3 scrolls of teleportation {unknown}
 e - 2 scrolls of identify {unknown}
 g - a scroll of immolation {unknown}
 h - a scroll of noise {unknown}
 i - 3 scrolls of remove curse {unknown}
 j - 2 scrolls of random uselessness {unknown}
 v - a scroll of magic mapping {unknown}
 y - a scroll of fog {unknown}
Potions
 b - 3 potions of lignification {unknown}
 n - 2 potions of invisibility {unknown}
 o - 2 potions of flight {unknown}
 p - a potion of agility {unknown}
 q - 2 potions of resistance {unknown}
 s - a potion of haste {unknown}
Comestibles
 c - 10 rations


   Skills:
 - Level 2.4 Dodging
 - Level 2.4 Stealth
 + Level 6.6 Spellcasting
 + Level 6.6 Conjurations
 + Level 4.2 Hexes


You had 8 spell levels left.
You knew the following spells:

 Your Spells              Type           Power        Failure   Level  Hunger
a - Magic Dart            Conj           ####         1%          1    None
b - Searing Ray           Conj           #####.       1%          2    None
c - Dazzling Spray        Conj/Hex       ####..       2%          3    #......
d - Fulminant Prism       Conj/Hex       ####......   9%          4    ###....

Your spell library contained the following spells:

 Spells                   Type           Power        Failure   Level  Hunger
 Iskenderun's Mystic Bla  Conj           #####...     5%          4    ###....
 Force Lance              Conj/Tloc      ###.....     22%         4    ###....


Dungeon Overview and Level Annotations

Branches:
Dungeon (5/15)             Temple (1/1) D:5

Altars:
Ashenzari
Cheibriados
Elyvilon
Gozag
Makhleb
Nemelex Xobeh
Qazlal
Ru
Vehumet
Wu Jian
Yredelemnul

Shops:
D:4 !


Message History

The blast of energy engulfs the adder.
You kill the adder!
There is a staircase to the Ecumenical Temple here.
You can't go up here!
You climb downwards.
Welcome to the Ecumenical Temple!
There is a staircase back to the Dungeon here.
Magic restored.
You open the gate.
Found a sacrificial altar of Ru.
Found an ornate altar of the Wu Jian Council.
There is an open gate here.
Some of the chunks of flesh in your inventory have rotted away.
Some of the chunks of flesh in your inventory have rotted away.
Some of the chunks of flesh in your inventory have rotted away.
There is an open gate here.
Found an opulent altar of Gozag and a burning altar of Makhleb.
There is a sacrificial altar of Ru here.
Found a radiant altar of Vehumet and a white marble altar of Elyvilon.
There is an opulent altar of Gozag here.
Found a shattered altar of Ashenzari and a basalt altar of Yredelemnul.
Unknown command.
There is a radiant altar of Vehumet here.
You kneel at the altar of Vehumet.
Vehumet welcomes you!
There is a fountain of clear blue water here.
There is an open gate here.
All of the chunks of flesh in your inventory have rotted away.
There is a staircase back to the Dungeon here.
You climb upwards.
Welcome back to the Dungeon!
A giant cockroach comes into view.
The giant cockroach moves out of view.
There is a staircase to the Ecumenical Temple here.
You can't go up here!
The giant cockroach is too close now for your liking.
A giant cockroach is nearby!
Casting: Magic Dart (safe; 1% risk of failure)
Confirm with . or Enter, or press ? or * to list all spells.
Aiming: Dazzling Spray (safe; 2% risk of failure)
Press: ? - help, Shift-Dir - straight line, f - giant cockroach
Aim: a giant cockroach (hasn't noticed you)
Okay, then.
Casting: Dazzling Spray (safe; 2% risk of failure)
Confirm with . or Enter, or press ? or * to list all spells.
Aiming: Magic Dart (safe; 1% risk of failure)
Press: ? - help, Shift-Dir - straight line, f - giant cockroach
Aim: a giant cockroach (hasn't noticed you)
The magic dart hits the giant cockroach.
The giant cockroach is almost dead.
A giant cockroach is nearby!
Casting: Magic Dart (safe; 1% risk of failure)
Confirm with . or Enter, or press ? or * to list all spells.
Aiming: Magic Dart (safe; 1% risk of failure)
Press: ? - help, Shift-Dir - straight line, f/p - giant cockroach
Aim: a giant cockroach (severely wounded, clinging)
The magic dart hits the giant cockroach.
You kill the giant cockroach!
Vehumet accepts your kill.
c - 10 rations (gained 1) Magic restored.
You are feeling hungry.
You open the gate.
There is an open gate here.
v - a scroll labeled YDGHOL ZAZ QOQ
There is an open gate here.
Found a sparkling altar of Nemelex Xobeh.
There is a sparkling altar of Nemelex Xobeh here.
You open the gate.
There is an open gate here.
o - 2 blue potions (gained 1)
You now have 225 gold pieces (gained 9).
A centaur comes into view.
Casting: Magic Dart (safe; 1% risk of failure)
Confirm with . or Enter, or press ? or * to list all spells.
Aiming: Magic Dart (safe; 1% risk of failure)
Press: ? - help, Shift-Dir - straight line, f - centaur
Aim: a centaur (resting)
The magic dart hits the centaur.
The centaur is moderately wounded.
The centaur shouts!
You hear a shout!
The centaur wields a +0 shortbow.
The centaur shoots an arrow.
The arrow hits you!
Casting: Magic Dart (safe; 1% risk of failure)
Confirm with . or Enter, or press ? or * to list all spells.
Aiming: Fulminant Prism (safe; 9% risk of failure)
Press: ? - help, Dir - move target cursor, p - centaur You conjure a prism of explosive energy!
The centaur shoots an arrow.
The arrow hits your fulminant prism!
You hear a shout!
The centaur shoots an arrow.
The arrow hits your fulminant prism!
Your fulminant prism detonates feebly.
Casting: Fulminant Prism (safe; 9% risk of failure)
Confirm with . or Enter, or press ? or * to list all spells.
Aiming: Fulminant Prism (safe; 9% risk of failure)
Press: ? - help, Dir - move target cursor You conjure a prism of explosive energy!
You are feeling very hungry.
The centaur shoots an arrow.
The arrow hits you!
An orc priest comes into view. It is wielding a +0 hand axe.
The centaur shoots an arrow.
The arrow hits you!
You die...

...........# ...#..#####
#..... .####.## #.... o
..###..######...[ ..
...###.........# ...
....#####..##..# *.c.
....### #..##.#####.(...
......###.....##(.......
....#.##........@....#..
......##.........#####
...............###
...............#
....###........# ...##
##.....### ...# #...#.##
...# #...#.. ...#
##.....


You could see a centaur, an orc priest and a friendly fulminant prism.

Vanquished Creatures
  A bullfrog (D:5)
  A howler monkey (D:3)
  Crazy Yiuf (D:2)
  A bullfrog skeleton (D:5)
  2 orc priests
  2 orc wizards (D:5)
  A centaur skeleton (D:4)
  A worker ant zombie (D:5)
  3 gnolls (D:2)
  4 adders
  An ooze (D:2)
  A worm (D:5)
  4 dart slugs
  3 leopard geckos
  11 orcs
  4 giant cockroaches
  6 hobgoblins
  11 jackals
  9 kobolds
  2 quokkas
  4 bats
  6 frilled lizards
  9 goblins
  A quokka skeleton (D:4)
  7 rats
96 creatures vanquished.

Vanquished Creatures (others)
  3 fulminant prisms (D:5)
3 creatures vanquished.

Grand Total: 99 creatures vanquished

Notes
Turn   | Place    | Note
-------+----------+-------------------------------------------
     0 | D:1      | Mgcat the Deep Elf Conjurer began the quest for the Orb.
     0 | D:1      | Reached XP level 1. HP: 10/10 MP: 6/6
   154 | D:1      | Reached XP level 2. HP: 15/15 MP: 5/8
   158 | D:1      | Learned a level 2 spell: Searing Ray
   467 | D:1      | Reached skill level 4 in Spellcasting
   553 | D:1      | Reached skill level 5 in Conjurations
   553 | D:1      | Reached XP level 3. HP: 19/19 MP: 6/10
   558 | D:1      | Learned a level 3 spell: Dazzling Spray
  1316 | D:2      | Reached XP level 4. HP: 24/24 MP: 7/12
  1459 | D:2      | Learned a level 4 spell: Fulminant Prism
  1579 | D:2      | Reached skill level 5 in Spellcasting
  1739 | D:2      | Found a runed door.
  1888 | D:2      | Noticed Crazy Yiuf
  1892 | D:2      | Killed Crazy Yiuf
  1892 | D:2      | Reached skill level 1 in Hexes
  2039 | D:3      | Reached XP level 5. HP: 28/28 MP: 10/14
  2130 | D:3      | Reached skill level 2 in Hexes
  2292 | D:3      | Found a stormy altar of Qazlal.
  2680 | D:4      | Reached skill level 6 in Conjurations
  2761 | D:4      | Found a snail-covered altar of Cheibriados.
  3136 | D:4      | Found Ibbygas's Distillery.
  3139 | D:4      | Bought 2 potions of degeneration for 28 gold pieces
  3201 | D:4      | Reached skill level 3 in Hexes
  3201 | D:4      | Reached XP level 6. HP: 32/32 MP: 7/16
  3829 | D:5      | Entered Level 5 of the Dungeon
  3840 | D:5      | Reached skill level 6 in Spellcasting
  4187 | D:5      | Reached skill level 4 in Hexes
  4329 | D:5      | Found a staircase to the Ecumenical Temple.
  4347 | Temple   | Entered the Ecumenical Temple
  4543 | Temple   | Became a worshipper of Vehumet
  4638 | D:5      | Found a sparkling altar of Nemelex Xobeh.
  4718 | D:5      | Shot with an arrow by a centaur

Vault maps used:
D:1:      dpeg_arrival_simpleton_b, minmay_misc_feat_columns,
          hangedman_feature_mirror
D:2:      uniq_crazy_yiuf_cottage
D:3:      lemuel_crystal_altar
D:4:      cheibriados_altar_1, first_ration, serial_shops,
          nicolae_shop_behind_doors, serial_bayou, serial_bayou_lagoon_b,
          serial_bayou_shore_a, serial_bayou_shore_b, serial_bayou_pond_c
D:5:      nemelex_altar_shiori, temple_statues, grunt_ministairs_4
Temple:   jpeg_temple_alley_garden

Skill      XL: |  1  2  3  4  5  6 |
---------------+-------------------+-----
Spellcasting   | 4 5 6 |  6.6
Conjurations   | 5 6 |  6.6
Hexes          | 1 3 4 |  4.2
Dodging        | |  2.4
Stealth        | |  2.4

Action                   |  1- 3 |  4- 6 || total
-------------------------+-------+-------++-------
Melee: Mace              |       |     6 ||     6
 Cast: Magic Dart        |    76 |   105 ||   181
       Searing Ray       |     4 |    18 ||    22
       Dazzling Spray    |       |     7 ||     7
       Fulminant Prism   |       |     4 ||     4
  Eat: Chunk             |     1 |    10 ||    11
Armor: Robe              |     2 |     3 ||     5
Dodge: Dodged            |    17 |    25 ||    42

Table legend:
 A = Non-vault XP
 B = Vault XP
 C = Vault XP percentage of total XP
 D = Non-vault monster count
 E = Vault monster count
 F = Vault count percentage of total count
                 A         B        C        D         E       F
            +---------+---------+-------+---------+---------+-------
      Total |     656 |      44 |   6.3 |      93 |       3 |   3.1
            +---------+---------+-------+---------+---------+-------
        D:1 |      52 |       2 |   3.7 |      27 |       2 |   6.9
        D:2 |      85 |      42 |  33.1 |      18 |       1 |   5.3
        D:3 |     114 |       0 |   0.0 |      19 |       0 |   0.0
        D:4 |     102 |       0 |   0.0 |      12 |       0 |   0.0
        D:5 |     303 |       0 |   0.0 |      17 |       0 |   0.0
            +---------+---------+-------+---------+---------+-------

Vault maps used:
D:1:      dpeg_arrival_simpleton_b, minmay_misc_feat_columns,
          hangedman_feature_mirror
D:2:      uniq_crazy_yiuf_cottage
D:3:      lemuel_crystal_altar
D:4:      cheibriados_altar_1, first_ration, serial_shops,
          nicolae_shop_behind_doors, serial_bayou, serial_bayou_lagoon_b,
          serial_bayou_shore_a, serial_bayou_shore_b, serial_bayou_pond_c
D:5:      nemelex_altar_shiori, temple_statues, grunt_ministairs_4
Temple:   jpeg_temple_alley_garden

Table legend:
 A = Turns spent in this place as a percentage of turns spent in the entire game.
 B = Non-inter-level travel turns spent in this place as a percentage of non-inter-level travel turns spent in the entire game.
 C = Inter-level travel turns spent in this place as a percentage of turns spent in this place.
 D = Turns resting spent in this place as a percentage of non-inter-level travel turns spent in this place.
 E = Turns spent auto-exploring this place as a percentage of non-inter-level travel turns spent in this place.
 F = Non-inter-level travel turns spent in this place divided by the number of levels of this place that you've seen.
                   A       B       C       D       E      F
               +-------+-------+-------+-------+-------+----------------------
         Total | 100.0 | 100.0 |   2.8 |   0.0 |  87.4 | 764.5
       Dungeon |  95.1 |  95.7 |   2.2 |   0.0 |  87.0 | 877.8
        Temple |   4.9 |   4.3 |  13.9 |   0.0 |  97.0 | 198.0
               +-------+-------+-------+-------+-------+----------------------

Table legend:
 A = Kills in this place as a percentage of kills in entire the game.
 B = Kills by you in this place as a percentage of kills by you in the entire game.
 C = Kills by friends in this place as a percentage of kills by friends in the entire game.
 D = Other kills in this place as a percentage of other kills in the entire game.
 E = Experience gained in this place as a percentage of experience gained in the entire game.
 F = Experience gained in this place divided by the number of levels of this place that you have seen.
                   A       B       C       D       E      F
               +-------+-------+-------+-------+-------+----------------------
         Total | 100.0 | 100.0 |   N/A |   N/A | 100.0 | 116.7
       Dungeon | 100.0 | 100.0 |   N/A |   N/A | 100.0 | 140.0
               +-------+-------+-------+-------+-------+----------------------
